 Dungeon Sprint DCSS version 0.29-a0-885-gb26ba3297d (webtiles) character file.

Game seed: 5456112998722971481

71365 rocky1 the Gnoll Aeon (level 15, -1/136 HPs)
             Began as a Gnoll Fighter on July 20, 2022.
             Was the Champion of Cheibriados.
             Slain by a fire giant
             ... wielding a +2 great sword of flaming
              (28 damage)
             ... in the Dungeon (Sprint VII: "The Pits").
             The game lasted 00:30:46 (4204 turns).

rocky1 the Gnoll Aeon (Gnoll Fighter)               Turns: 4204, Time: 00:30:46

Health: -1/136     AC: 36    Str: 36    XL:     15   Next: 36%
Magic:  21/36      EV: 22    Int: 28    God:    Cheibriados [******]
Gold:   49         SH:  0    Dex: 29    Spells: 48/48 levels left

rFire   + + +      SeeInvis +   E - +7 great mace "Firestarter" {inner flame, rF++}
rCold   + . .      Faith    .   (shield currently unavailable)
rNeg    . . .      Spirit   .   c - +4 gold dragon scales
rPois   +          Reflect  .   K - +2 hat {SInv}
rElec   .          Harm     .   I - +2 cloak
rCorr   .          Rampage  .   r - +0 pair of gloves
Will    ++...      NoTele   +   H - +1 pair of boots
Stlth   ..........              C - amulet of regeneration
HPRegen 1.12/turn               z - +6 ring of intelligence
MPRegen 0.25/turn               x - ring of willpower

@: very slow
A: fangs 1, strong nose, distributed training
a: Renounce Religion, Bend Time, Temporal Distortion, Slouch, Step From Time


You were in the Dungeon.
You worshipped Cheibriados.
Cheibriados was exalted by your worship.
You visited 1 branch You collected 49 gold pieces.

Inventory:

Hand Weapons
 a - a +0 scimitar of flaming
 t - a +2 morningstar of protection
 w - a +3 trident of freezing
 E - the +7 great mace "Firestarter" (weapon) {inner flame, rF++}
   (You found it in the Dungeon)

   It burns those it strikes, dealing additional fire damage.
   It fills those it strikes with an explosive inner flame.
   It grants immunity to clouds of flame.
   rF:        It greatly protects you from fire.
 F - a +3 double sword of draining
 G - a +3 arbalest of freezing
 J - the +3 great sword of Guocem {venom, rC+ Will++}
   (You took it off an ogre mage in the Dungeon)

   It poisons the flesh of those it strikes.
   rC:        It protects you from cold.
   Will:      It greatly increases your willpower.
Missiles
 v - 9 javelins (quivered)
Armour
 c - +4 gold dragon scales (worn)
 g - a +0 kite shield
 j - the +0 cloak of Ufuegoupp {*Slow rElec rPois rCorr}
   (You found it in the Dungeon)

   rElec:     It insulates you from electricity.
   rPois:     It protects you from poison.
   rCorr:     It protects you from acid and corrosion.
   *Slow:     It may slow you when you take damage.
 r - a +0 pair of gloves (worn)
 H - a +1 pair of boots (worn)
 I - a +2 cloak (worn)
 K - a +2 hat of see invisible (worn)
Jewellery
 n - a ring of resist corrosion
 q - a ring of wizardry
 x - a ring of willpower (right hand)
 z - a +6 ring of intelligence (left hand)
 A - a ring of see invisible
 C - an amulet of regeneration (around neck)
 D - a ring of magical power
Wands
 u - a wand of iceblast (5)
Scrolls
 d - 4 scrolls of enchant weapon
 l - 6 scrolls of amnesia
 m - a scroll of summoning
 y - 3 scrolls of fear
Potions
 b - a potion of flight {unknown}
 e - 8 potions of curing
 f - 7 potions of heal wounds
 h - 2 potions of magic
 i - 6 potions of berserk rage
 k - 2 potions of invisibility
 o - 5 potions of brilliance
 p - 3 potions of mutation
 s - a potion of might
Miscellaneous
 B - a phantom mirror
 L - a phial of floods


   Skills:
 + Level 18.1 Fighting
 + Level 17.0 Short Blades
 + Level 17.0 Long Blades
 + Level 17.0 Axes
 + Level 17.0 Maces & Flails
 + Level 17.5 Polearms
 + Level 17.0 Staves
 + Level 17.0 Ranged Weapons
 + Level 17.0 Throwing
 + Level 18.1 Armour
 + Level 17.0 Dodging
 + Level 17.0 Stealth
 + Level 18.1 Shields
 + Level 17.0 Unarmed Combat
 + Level 17.0 Spellcasting
 + Level 14.5 Conjurations
 + Level 14.5 Hexes
 + Level 14.5 Summonings
 + Level 14.5 Necromancy
 + Level 14.5 Translocations
 + Level 14.5 Transmutations
 + Level 14.5 Fire Magic
 + Level 14.5 Ice Magic
 + Level 14.5 Air Magic
 + Level 14.5 Earth Magic
 + Level 14.5 Poison Magic
 + Level 18.4 Invocations
 + Level 17.0 Evocations


You had 48 spell levels left.
You didn't know any spells.
Your spell library contained the following spells:

 Spells                   Type           Power      Damage    Failure   Level
 Freeze                   Ice            100%       1d11      1%          1
 Sandblast                Erth           100%       2d20      1%          1
 Passwall                 Tmut/Erth      67%        N/A       1%          2
 Ozocubu's Armour         Ice            81%        N/A       1%          3
 Stone Arrow              Conj/Erth      100%       3d13      1%          3
 Summon Guardian Golem    Hex/Summ       81%        N/A       1%          3
 Orb of Destruction       Conj           40%        9d11      34%         7
 Spellforged Servitor     Conj/Summ      40%        N/A       34%         7


Dungeon Overview and Level Annotations

Branches:
Dungeon (1/1)

Altars:
Ashenzari
Cheibriados
Dithmenos
Elyvilon
Fedhas
Gozag
Hepliaklqana
Kikubaaqudgha
Makhleb
Nemelex Xobeh
Okawaru
Qazlal
Ru
Sif Muna
Trog
Uskayaw
Vehumet
Wu Jian
Xom
Yredelemnul
Zin
The Shining One
Jiyva
Lugonu


Innate Abilities, Weirdness & Mutations

You have very sharp teeth.
Your uncanny sense of smell can sniff out nearby items.
Your experience applies equally to all skills.


Message History

Flame seeps out of Frederick.
Frederick casts a spell at you. The iron shot hits you!
You bludgeon Frederick!! You burn Frederick!
Cheibriados thoroughly appreciates the change of pace.
Frederick explodes!
The fiery explosion engulfs the Brimstone Fiend.
The Brimstone Fiend completely resists.
The Brimstone Fiend is lightly wounded.
The fiery explosion engulfs the vault guard!
The vault guard is moderately wounded.
The fiery explosion engulfs you. You resist.
The fiery explosion engulfs the fire giant.
The fire giant resists.
The fire giant is lightly wounded.
The fire giant is engulfed in blazing flames.
The fire giant hits you with a +2 great sword of flaming!
* * * LOW HITPOINT WARNING * * *
The fire giant burns you.
* * * LOW HITPOINT WARNING * * *
The vault guard is engulfed in blazing flames.
Your Short Blades skill increases to level 17!
Your Long Blades skill increases to level 17!
Your Axes skill increases to level 17!
Your Maces & Flails skill increases to level 17!
Your Staves skill increases to level 17!
Your Ranged Weapons skill increases to level 17!
Your Throwing skill increases to level 17!
Your Dodging skill increases to level 17!
Your Stealth skill increases to level 17!
Your Unarmed Combat skill increases to level 17!
Your Spellcasting skill increases to level 17!
Your Evocations skill increases to level 17!
Unknown command.
Activating: Slouch (0% risk of failure)
Press: ? - help, Dir - look around, f - activate You can feel time thicken for a moment.
The fire giant is engulfed in blazing flames.
The fire giant hits you with a +2 great sword of flaming!!
You die...

######################
∆∆∆∆#..3C§..).............
∆∆∆ #..p1@..).............
∆∆ #..####......##......##
#@. ∆∆####........####|
@.p ∆∆ ..####''####....
1.. ................ ##
......##))......
........)..).... ∆∆
..####''####....
∆∆####....)...####.


You could see a Brimstone Fiend, a fire giant, a vault guard and a soul eater.

Vanquished Creatures
  Frederick (D)
  A titan (D)
  Frances (D)
  A shadow dragon (D)
  An Executioner (D)
  Gastronok (D)
  A storm dragon (D)
  Donald (D)
  A draconian monk (D)
  2 fire giants (D)
  2 orc warlords (D)
  An apis (D)
  A deep elf demonologist (D)
  A vampire knight (D)
  2 green draconians (D)
  A yellow draconian (D)
  A lorocyproca (D)
  3 dire elephants (D)
  A red draconian (D)
  A green death (D)
  An ettin (D)
  2 yaktaur captains (D)
  A great orb of eyes (D)
  2 vault guards (D)
  A rakshasa (D)
  An ogre mage (D)
  A catoblepas (D)
  2 hydras (D)
  A merfolk avatar (D)
  An alligator snapping turtle (D)
  Erica (D)
  2 hell beasts (D)
  3 naga warriors (D)
  3 two-headed ogres (D)
  An anaconda (D)
  2 death knights (D)
  2 vampire magi (D)
  2 death yaks (D)
  Urug (D)
  A deep elf knight (D)
  6 hell knights (D)
  A fire crab (D)
  A death drake (D)
  A sixfirhy (D)
  2 deep trolls (D)
  A deep elf pyromancer (D)
  A wizard (D)
  A necromancer (D)
  A lindwurm (D)
  13 orc knights (D)
  2 manticores (D)
  A wolf spider (D)
  A cyclops (D)
  An ugly thing (D)
  A salamander (D)
  4 elephants (D)
  A merfolk siren (D)
  A naga mage (D)
  A rust devil (D)
  Psyche (D)
  2 rime drakes (D)
  7 yaktaurs (D)
  A hellwing (D)
  A wandering mushroom (D)
  6 ice devils (D)
  2 trolls (D)
  3 hornets (D)
  A tarantella (shapeshifter) (D)
  A polar bear (D)
  2 wind drakes (D)
  A tarantella (D)
  8 slime creatures (D)
  A jumping spider (D)
  A wraith (D)
  A wyvern (D)
  A basilisk (D)
  A neqoxec (D)
  8 redbacks (D)
  5 vampire mosquitoes (D)
  A chaos spawn (D)
  A steam dragon (D)
  3 wargs (D)
  An acid dragon (D)
  A naga (D)
  4 hell hounds (D)
  A floating eye (D)
  An ice beast (D)
  A black bear (D)
  2 ogres (D)
  A bullfrog (D)
  A necrophage (D)
  An earth elemental (D)
  5 wights (D)
  2 killer bees (D)
  2 crimson imps (D)
  2 quasits (D)
  A hound (D)
  An orc priest (D)
  Crazy Yiuf (D)
  An iron imp (D)
  An orc wizard (D)
  A mummy (D)
  2 gnolls (D)
  A white imp (D)
  2 worms (D)
  6 orcs (D)
  A bat skeleton (D)
  2 endoplasms (D)
  4 giant cockroaches (D)
  A hobgoblin (D)
  A quokka (D)
  A ball python (D)
  2 ball python skeletons (D)
  A bat (D)
  A frilled lizard (D)
  2 kobolds (D)
214 creatures vanquished.

Vanquished Creatures (collateral kills)
  A killer bee (D)
1 creature vanquished.

Vanquished Creatures (others)
  A boulder beetle (D)
  An orc (D)
2 creatures vanquished.

Grand Total: 217 creatures vanquished

Notes
Turn   | Place    | Note
-------+----------+-------------------------------------------
     0 | D        | rocky1 the Gnoll Fighter began the quest for the Orb.
     0 | D        | Reached XP level 1. HP: 23/23 MP: 1/1
    19 | D        | Found a bloodstained altar of Trog.
    19 | D        | Found a shimmering blue altar of Sif Muna.
    19 | D        | Found a viscous altar of Jiyva.
    19 | D        | Found a hazy altar of Hepliaklqana.
    19 | D        | Found an opulent altar of Gozag.
    20 | D        | Found a glowing golden altar of the Shining One.
    20 | D        | Found a glowing silver altar of Zin.
    20 | D        | Found a basalt altar of Yredelemnul.
    20 | D        | Found a shimmering altar of Xom.
    20 | D        | Found an ornate altar of the Wu Jian Council.
    20 | D        | Found a sacrificial altar of Ru.
    20 | D        | Found a stormy altar of Qazlal.
    20 | D        | Found an iron altar of Okawaru.
    20 | D        | Found a sparkling altar of Nemelex Xobeh.
    20 | D        | Found a burning altar of Makhleb.
    20 | D        | Found a blossoming altar of Fedhas.
    20 | D        | Found a white marble altar of Elyvilon.
    20 | D        | Found a shadowy altar of Dithmenos.
    20 | D        | Found a snail-covered altar of Cheibriados.
    23 | D        | Found a corrupted altar of Lugonu.
    23 | D        | Found a radiant altar of Vehumet.
    24 | D        | Found an ancient bone altar of Kikubaaqudgha.
    24 | D        | Found a hide-covered altar of Uskayaw.
    24 | D        | Found a broken altar of Ashenzari.
    35 | D        | Became a worshipper of Cheibriados the Contemplative
    87 | D        | Reached * piety under Cheibriados
    88 | D        | Reached skill level 1 in Invocations
   107 | D        | Reached ** piety under Cheibriados
   108 | D        | Reached skill level 1 in Short Blades
   108 | D        | Reached skill level 1 in Long Blades
   108 | D        | Reached skill level 1 in Axes
   108 | D        | Reached skill level 1 in Maces & Flails
   108 | D        | Reached skill level 1 in Staves
   108 | D        | Reached skill level 1 in Ranged Weapons
   108 | D        | Reached skill level 1 in Throwing
   108 | D        | Reached skill level 1 in Dodging
   108 | D        | Reached skill level 1 in Stealth
   108 | D        | Reached skill level 1 in Unarmed Combat
   108 | D        | Reached skill level 1 in Spellcasting
   108 | D        | Reached skill level 1 in Evocations
   119 | D        | Reached XP level 2. HP: 23/29 MP: 3/3
   119 | D        | Reached *** piety under Cheibriados
   121 | D        | Reached skill level 1 in Conjurations
   121 | D        | Reached skill level 1 in Hexes
   121 | D        | Reached skill level 1 in Summonings
   121 | D        | Reached skill level 1 in Necromancy
   121 | D        | Reached skill level 1 in Translocations
   121 | D        | Reached skill level 1 in Transmutations
   121 | D        | Reached skill level 1 in Fire Magic
   121 | D        | Reached skill level 1 in Ice Magic
   121 | D        | Reached skill level 1 in Air Magic
   121 | D        | Reached skill level 1 in Earth Magic
   121 | D        | Reached skill level 1 in Poison Magic
   364 | D        | Noticed an ice beast
   365 | D        | Noticed a warg
   366 | D        | Noticed a warg
   373 | D        | Killed a warg
   373 | D        | Reached **** piety under Cheibriados
   374 | D        | Reached skill level 5 in Polearms
   374 | D        | Reached XP level 3. HP: 20/36 MP: 4/7
   374 | D        | Reached XP level 4. HP: 24/43 MP: 5/9
   374 | D        | Reached XP level 5. HP: 26/48 MP: 5/10
   382 | D        | Killed a warg
   382 | D        | Reached ***** piety under Cheibriados
   383 | D        | Reached skill level 5 in Invocations
   383 | D        | Reached XP level 6. HP: 31/56 MP: 6/12
   385 | D        | Killed an ice beast
   386 | D        | Reached skill level 5 in Short Blades
   386 | D        | Reached skill level 5 in Long Blades
   386 | D        | Reached skill level 5 in Axes
   386 | D        | Reached skill level 5 in Maces & Flails
   386 | D        | Reached skill level 5 in Staves
   386 | D        | Reached skill level 5 in Ranged Weapons
   386 | D        | Reached skill level 5 in Throwing
   386 | D        | Reached skill level 5 in Dodging
   386 | D        | Reached skill level 5 in Stealth
   386 | D        | Reached skill level 5 in Unarmed Combat
   386 | D        | Reached skill level 5 in Spellcasting
   386 | D        | Reached skill level 5 in Evocations
   400 | D        | Reached XP level 7. HP: 41/63 MP: 9/14
   407 | D        | Noticed Crazy Yiuf
   408 | D        | Killed Crazy Yiuf
   409 | D        | Reached ****** piety under Cheibriados
   526 | D        | Noticed a vampire mosquito
   526 | D        | Noticed a vampire mosquito
   527 | D        | Killed a vampire mosquito
   528 | D        | Reached skill level 5 in Conjurations
   528 | D        | Reached skill level 5 in Hexes
   528 | D        | Reached skill level 5 in Summonings
   528 | D        | Reached skill level 5 in Necromancy
   528 | D        | Reached skill level 5 in Translocations
   528 | D        | Reached skill level 5 in Transmutations
   528 | D        | Reached skill level 5 in Fire Magic
   528 | D        | Reached skill level 5 in Ice Magic
   528 | D        | Reached skill level 5 in Air Magic
   528 | D        | Reached skill level 5 in Earth Magic
   528 | D        | Reached skill level 5 in Poison Magic
   528 | D        | Reached XP level 8. HP: 71/71 MP: 10/18
   899 | D        | Noticed a hornet
   899 | D        | Noticed a wraith
   900 | D        | Killed a hornet
   901 | D        | Reached skill level 10 in Fighting
   901 | D        | Reached skill level 10 in Armour
   901 | D        | Reached skill level 10 in Shields
   901 | D        | Reached XP level 9. HP: 78/78 MP: 13/20
   947 | D        | Noticed a death yak
   947 | D        | Noticed a lindwurm
   961 | D        | Killed a death yak
   966 | D        | Killed a lindwurm
   967 | D        | Reached XP level 10. HP: 25/86 MP: 18/22
  1233 | D        | Noticed Urug
  1234 | D        | Paralysed by a floating eye for 2 turns
  1241 | D        | Killed Urug
  1242 | D        | Reached skill level 10 in Polearms
  1455 | D        | Reached skill level 10 in Invocations
  1588 | D        | Noticed Psyche
  1592 | D        | Noticed a rakshasa
  1593 | D        | Killed Psyche
  1597 | D        | Killed a rakshasa
  1733 | D        | Noticed a cyclops
  1734 | D        | Noticed Erica
  1735 | D        | Reached skill level 10 in Short Blades
  1735 | D        | Reached skill level 10 in Long Blades
  1735 | D        | Reached skill level 10 in Axes
  1735 | D        | Reached skill level 10 in Maces & Flails
  1735 | D        | Reached skill level 10 in Staves
  1735 | D        | Reached skill level 10 in Ranged Weapons
  1735 | D        | Reached skill level 10 in Throwing
  1735 | D        | Reached skill level 10 in Dodging
  1735 | D        | Reached skill level 10 in Stealth
  1735 | D        | Reached skill level 10 in Unarmed Combat
  1735 | D        | Reached skill level 10 in Spellcasting
  1735 | D        | Reached skill level 10 in Evocations
  1735 | D        | Reached XP level 11. HP: 95/95 MP: 18/25
  1739 | D        | Killed Erica
  1743 | D        | Killed a cyclops
  1876 | D        | Got the Secrets of the Blizzard
  1957 | D        | Noticed a manticore
  1960 | D        | Killed a manticore
  2067 | D        | Noticed a death yak
  2080 | D        | Killed a death yak
  2161 | D        | Noticed a manticore
  2168 | D        | Killed a manticore
  2254 | D        | Noticed a vampire mage
  2264 | D        | Noticed a flayed ghost
  2266 | D        | Killed a vampire mage
  2267 | D        | Reached XP level 12. HP: 105/105 MP: 11/27
  2404 | D        | Noticed a death knight
  2404 | D        | Noticed a storm dragon
  2404 | D        | Noticed a fire giant
  2408 | D        | Reached skill level 10 in Conjurations
  2408 | D        | Reached skill level 10 in Hexes
  2408 | D        | Reached skill level 10 in Summonings
  2408 | D        | Reached skill level 10 in Necromancy
  2408 | D        | Reached skill level 10 in Translocations
  2408 | D        | Reached skill level 10 in Transmutations
  2408 | D        | Reached skill level 10 in Fire Magic
  2408 | D        | Reached skill level 10 in Ice Magic
  2408 | D        | Reached skill level 10 in Air Magic
  2408 | D        | Reached skill level 10 in Earth Magic
  2408 | D        | Reached skill level 10 in Poison Magic
  2408 | D        | Killed a storm dragon
  2408 | D        | Killed a death knight
  2412 | D        | Killed a fire giant
  2492 | D        | Noticed an orc warlord
  2492 | D        | Noticed an orc warlord
  2492 | D        | Noticed a naga warrior
  2493 | D        | Noticed a fire giant
  2494 | D        | Noticed a dire elephant
  2495 | D        | Noticed a yaktaur captain
  2497 | D        | Reached XP level 13. HP: 96/114 MP: 9/30
  2498 | D        | Noticed a yaktaur captain
  2499 | D        | Killed an orc warlord
  2500 | D        | Killed an orc warlord
  2500 | D        | Killed a yaktaur captain
  2504 | D        | Killed a dire elephant
  2504 | D        | Killed a fire giant
  2505 | D        | Reached skill level 15 in Fighting
  2505 | D        | Reached skill level 15 in Armour
  2505 | D        | Reached skill level 15 in Shields
  2617 | D        | Reached skill level 15 in Invocations
  2657 | D        | Killed a yaktaur captain
  2770 | D        | Noticed a vault guard
  2784 | D        | Killed a vault guard
  2800 | D        | Found the +7 great mace "Firestarter" {inner flame, rF++}
  2865 | D        | Noticed a great orb of eyes
  2880 | D        | Killed a great orb of eyes
  2921 | D        | Noticed a vault guard
  2931 | D        | Killed a vault guard
  3100 | D        | Noticed Gastronok
  3106 | D        | Killed Gastronok
  3107 | D        | Reached skill level 15 in Polearms
  3107 | D        | Noticed a green draconian
  3108 | D        | Noticed Frances
  3114 | D        | Identified the +1 robe of Oluh Adirr {rF++ Stlth-}
  3116 | D        | Killed a green draconian
  3117 | D        | HP: 3/117 [mirror damage (10)]
  3128 | D        | Killed Frances
  3129 | D        | Reached XP level 14. HP: 51/124 MP: 32/32
  3507 | D        | Noticed a lorocyproca
  3514 | D        | Killed a lorocyproca
  3515 | D        | Reached skill level 15 in Short Blades
  3515 | D        | Reached skill level 15 in Long Blades
  3515 | D        | Reached skill level 15 in Axes
  3515 | D        | Reached skill level 15 in Maces & Flails
  3515 | D        | Reached skill level 15 in Staves
  3515 | D        | Reached skill level 15 in Ranged Weapons
  3515 | D        | Reached skill level 15 in Throwing
  3515 | D        | Reached skill level 15 in Dodging
  3515 | D        | Reached skill level 15 in Stealth
  3515 | D        | Reached skill level 15 in Unarmed Combat
  3515 | D        | Reached skill level 15 in Spellcasting
  3515 | D        | Reached skill level 15 in Evocations
  3716 | D        | Identified the +3 great sword of Guocem {venom, rC+ Will++}
  3805 | D        | Noticed a dire elephant
  3813 | D        | Killed a dire elephant
  3832 | D        | Noticed a vampire knight
  3844 | D        | Killed a vampire knight
  3848 | D        | Noticed Donald
  3853 | D        | Noticed a shadow dragon
  3858 | D        | Noticed a titan
  3860 | D        | Noticed a green draconian monk
  3861 | D        | Killed Donald
  3873 | D        | Killed a green draconian monk
  3875 | D        | Killed a shadow dragon
  3877 | D        | Killed a titan
  3981 | D        | Noticed an apis
  3987 | D        | Killed an apis
  3998 | D        | Reached XP level 15. HP: 127/134 MP: 35/35
  4081 | D        | Got the +0 cloak of Ufuegoupp {*Slow rElec rPois rCorr}
  4175 | D        | Noticed an Executioner
  4175 | D        | Noticed a fire giant
  4179 | D        | Killed an Executioner
  4185 | D        | Noticed a Brimstone Fiend
  4185 | D        | Noticed Frederick
  4203 | D        | Killed Frederick
  4204 | D        | Slain by a fire giant

Illustrated notes

Levels and vault maps discovered:
D:        pitsprint [storerooms_1, entrance_room_1, metal_vault_3, armoury_3,
          mini_pit_1, grid_room_1, main_hall_1, silver_pit, the_coven_3,
          the_vestibule_1, steel_vault_1, golden_pit, hallway_of_sentries,
          crystal_vault_4, iron_vault_1, final_vault]

Skill      XL: |  1  2  3  4  5  6  7  8  9 10 11 12 13 14 15 |
---------------+----------------------------------------------+-----
Invocations    | 1 3 5 7 8 9 10 12 14 15 17 18 | 18.4
Short Blades   | 1 3 4 5 6 7 8 10 11 13 14 16 17 | 17.0
Long Blades    | 1 3 4 5 6 7 8 10 11 13 14 16 17 | 17.0
Axes           | 1 3 4 5 6 7 8 10 11 13 14 16 17 | 17.0
Maces & Flails | 1 3 4 5 6 7 8 10 11 13 14 16 17 | 17.0
Staves         | 1 3 4 5 6 7 8 10 11 13 14 16 17 | 17.0
Ranged Weapons | 1 3 4 5 6 7 8 10 11 13 14 16 17 | 17.0
Throwing       | 1 3 4 5 6 7 8 10 11 13 14 16 17 | 17.0
Dodging        | 1 3 4 5 6 7 8 10 11 13 14 16 17 | 17.0
Stealth        | 1 3 4 5 6 7 8 10 11 13 14 16 17 | 17.0
Unarmed Combat | 1 3 4 5 6 7 8 10 11 13 14 16 17 | 17.0
Spellcasting   | 1 3 4 5 6 7 8 10 11 13 14 16 17 | 17.0
Evocations     | 1 3 4 5 6 7 8 10 11 13 14 16 17 | 17.0
Conjurations   | 2 3 4 5 6 7 8 9 11 12 13 14 | 14.5
Hexes          | 2 3 4 5 6 7 8 9 11 12 13 14 | 14.5
Summonings     | 2 3 4 5 6 7 8 9 11 12 13 14 | 14.5
Necromancy     | 2 3 4 5 6 7 8 9 11 12 13 14 | 14.5
Translocations | 2 3 4 5 6 7 8 9 11 12 13 14 | 14.5
Transmutations | 2 3 4 5 6 7 8 9 11 12 13 14 | 14.5
Fire Magic     | 2 3 4 5 6 7 8 9 11 12 13 14 | 14.5
Ice Magic      | 2 3 4 5 6 7 8 9 11 12 13 14 | 14.5
Air Magic      | 2 3 4 5 6 7 8 9 11 12 13 14 | 14.5
Earth Magic    | 2 3 4 5 6 7 8 9 11 12 13 14 | 14.5
Poison Magic   | 2 3 4 5 6 7 8 9 11 12 13 14 | 14.5
Fighting       | 7 8 9 10 11 13 14 15 17 18 | 18.1
Polearms       | 5 6 7 8 9 11 12 13 15 16 17 | 17.5
Armour         | 7 8 9 10 11 13 14 15 17 18 | 18.1
Shields        | 7 8 9 10 11 13 14 15 17 18 | 18.1

Action                   |  1- 3 |  4- 6 |  7- 9 | 10-12 | 13-15 || total
-------------------------+-------+-------+-------+-------+-------++-------
Melee: Trident           |    29 |    15 |    11 |     5 |       ||    60
       Bite              |     2 |     3 |     5 |    11 |    51 ||    72
       Morningstar       |       |       |    27 |    74 |    68 ||   169
       Great mace        |       |       |       |       |   184 ||   184
       Punch             |       |       |       |       |     5 ||     5
Throw: Javelin           |       |       |       |    11 |     9 ||    20
Invok: Slouch            |       |       |     5 |    19 |    18 ||    42
Evoke: Wand              |       |       |       |     8 |       ||     8
       Phantom mirror    |       |       |       |       |     1 ||     1
  Use: Potion            |     1 |       |       |     3 |    13 ||    17
       Scroll            |       |       |       |       |     4 ||     4
 Stab: Distracted        |       |       |       |       |     1 ||     1
       Sleeping          |       |       |       |       |     1 ||     1
Armor: Scale mail        |     7 |       |       |       |       ||     7
       Plate armour      |     3 |     9 |     8 |    47 |       ||    67
       Skin              |       |       |       |     1 |       ||     1
       Gold dragon scale |       |       |       |       |   115 ||   115
       Storm dragon scal |       |       |       |       |    23 ||    23
Dodge: Dodged            |    13 |     8 |     8 |    70 |   221 ||   320
Block: Buckler           |     5 |     7 |    16 |    52 |    12 ||    92

Table legend: (Time is in decaauts)
 A = Elapsed time spent in this place.
 B = Non-inter-level travel time spent in this place.
 C = Inter-level travel time spent in this place.
 D = Time resting spent in this place.
 E = Time spent auto-exploring this place.
 F = Levels seen in this place.
 G = Mean time per level.
                   A        B        C        D        E       F      G
               +--------+--------+--------+--------+--------+-----+--------+
         Total |   5499 |   5304 |    195 |   1999 |      0 |   1 | 5499.0 |
       Dungeon |   5499 |   5304 |    195 |   1999 |      0 |   1 | 5499.0 |
               +--------+--------+--------+--------+--------+-----+--------+

Top non-repeatable levels by time:
       D: 5499 daAuts
